 Dungeon Crawl Stone Soup version 0.26-a0-778-g3fe0686644 (console) character file.

Game seed: 1920425716825318983

25 om the Insei (level 3, -7/26 HPs)
             Began as a Merfolk Transmuter on Nov 9, 2020.
             Killed from afar by an orc wizard (10 damage)
             ... with a puff of frost
             ... on level 1 of the Dungeon.
             The game lasted 00:02:05 (1268 turns).

om the Insei (Merfolk Transmuter)                   Turns: 1268, Time: 00:02:06

Health: -7/26      AC:  2    Str: 11    XL:     3   Next: 4%
Magic:  6/6        EV: 13    Int: 12    God:
Gold:   163        SH:  0    Dex: 14    Spells: 2/6 levels left

rFire    . . .     SeeInvis .     - Unarmed
rCold    . . .     Faith    .   (no shield)
rNeg     . . .     Spirit   .   a - +0 robe
rPois    .         Reflect  .   (helmet currently unavailable)
rElec    .         Harm     .   (no cloak)
rCorr    .         Rampage  .   (no gloves)
MR       .....                  (boots currently unavailable)
Stlth    +.........             (no amulet)
HPRegen  0.08/turn              (no ring)
MPRegen  0.10/turn              (no ring)

@: appendages (expiring)
A: change form in water, swift swim, stealthy swim, horns 2
a: End Transformation


You were on level 1 of the Dungeon.
You had grown temporary horns.
You visited 1 branch of the dungeon, and saw 2 of its levels.

You collected 163 gold pieces.

Inventory:

Armour
 a - a +0 robe (worn)
Scrolls
 c - a scroll of amnesia {unknown}
 f - a scroll of enchant weapon {unknown}
Potions
 b - a potion of heal wounds {unknown}
 d - a potion of haste {unknown}
 e - a potion of degeneration {unknown}


   Skills:
 + Level 1.5 Fighting
 + Level 3.0 Dodging
 * Level 3.7 Unarmed Combat
 + Level 2.2 Spellcasting
 + Level 3.1 Transmutations


You had 2 spell levels left.
You knew the following spells:

 Your Spells              Type           Power        Failure   Level
a - Beastly Appendage     Tmut           #.....       8%          1
b - Spider Form           Tmut/Pois      #.........   38%         3

Your spell library contained the following spells:

 Spells                   Type           Power        Failure   Level
 Wereblood                Tmut           #.......     11%         2
 Ice Form                 Ice/Tmut       #.......     80%         4
 Blade Hands              Tmut           #.........   90%         5


Dungeon Overview and Level Annotations

Branches:
Dungeon (2/15)

Altars:


Innate Abilities, Weirdness & Mutations

You revert to your normal form in water.
You are very nimble and swift while swimming.
You are very stealthy in the water. (Stealth+)
You have a pair of horns on your head.


Message History

The orc wizard is heavily wounded.
The orc wizard misses you.
The orc wizard hits you but does no damage.
You barely miss the orc wizard.
The orc wizard is heavily wounded.
Your transformation is almost over.
The orc wizard hits you with a +0 dagger.
* * * LOW HITPOINT WARNING * * *
You hit the orc wizard.
The orc wizard is severely wounded.
The orc wizard hits you with a +0 dagger.
* * * LOW HITPOINT WARNING * * *
You hit the orc wizard.
You headbutt the orc wizard, but do no damage.
Your punch misses the orc wizard.
The orc wizard is almost dead.
The orc wizard barely misses you.
The orc wizard gestures at you while chanting.
The puff of frost hits you!
You die...

#.....# #(....#
#..(..# ###.....###
..(.......### ####
###.....#)..# #..# #
#.....###.# #..#
#.....# #.# #..#
######## #.## #..#
#.....#
#..###..###########
#.†...#
##....@....##.....##
##.....#
#.##o.............##
.......#
#.#................#
####...#
#####).)...........#
#...#
##..........)..#
##..#
######.........(...#
## ####
#P#P#..............#
#P#
##.#.#.............#
.##
##.#.##............##
#.##
##.###....(.##...).##
##.## ##.##
##...##########


You could see an orc wizard (fast).

Vanquished Creatures
  2 dart slugs (D:1)
  A leopard gecko (D:1)
  A bat (D:1)
  A giant cockroach (D:2)
  4 goblins
  2 hobgoblins
  3 kobolds (D:1)
  A frilled lizard (D:1)
  3 rats (D:1)
18 creatures vanquished.

Vanquished Creatures (others)
  A fungus (D:1)
  3 toadstools (D:1)
4 creatures vanquished.

Grand Total: 22 creatures vanquished

Notes
Turn   | Place    | Note
-------+----------+-------------------------------------------
     0 | D:1      | om the Merfolk Transmuter began the quest for the Orb.
     0 | D:1      | Reached XP level 1. HP: 15/15 MP: 3/3
   473 | D:1      | Reached XP level 2. HP: 21/21 MP: 3/5
  1129 | D:2      | Reached XP level 3. HP: 24/26 MP: 4/6
  1134 | D:2      | Learned a level 3 spell: Spider Form
  1268 | D:1      | Killed from afar by an orc wizard

Illustrated notes

Levels and vault maps discovered:
D:1:      nagdon_arrival_zigzag_paths, layout_rooms, minmay_gold_behind_fungi
D:2:      cheibrodos_pilgrimage, layout_rooms, dancing_weapons_uskayaw,
          lemuel_another_geyser, uniq_natasha

Skill      XL: |  1  2 |
---------------+-------+-----
Transmutations | 3 |  3.1
Dodging        | 3 |  3.0
Fighting       | |  1.5
Unarmed Combat | |  3.7
Spellcasting   | |  2.2

Action                   || total
-------------------------++-------
Melee: Unarmed           ||    77
       Headbutt          ||     5
 Cast: Beastly Appendage ||    11
 Stab: Sleeping          ||     1
Armor: Robe              ||    12
Dodge: Dodged            ||    54

Table legend: (Time is in decaauts)
 A = Elapsed time spent in this place.
 B = Non-inter-level travel time spent in this place.
 C = Inter-level travel time spent in this place.
 D = Time resting spent in this place.
 E = Time spent auto-exploring this place.
 F = Levels seen in this place.
 G = Mean time per level.
                   A        B        C        D        E       F      G
               +--------+--------+--------+--------+--------+-----+--------+
         Total |   1264 |   1250 |     14 |    596 |    408 |   2 |  632.0 |
       Dungeon |   1264 |   1250 |     14 |    596 |    408 |   2 |  632.0 |
               +--------+--------+--------+--------+--------+-----+--------+

Top non-repeatable levels by time:
     D:1: 1195 daAuts
     D:2: 69 daAuts
